 Dungeon Crawl Stone Soup version 0.31-a0-1169-gd935f9fcdc (webtiles) character file.

Game seed: 465620210656186333

1092 GordonOverkill the Sneak (level 8, -8/40 HPs)
             Began as a Spriggan Delver on Dec 10, 2023.
             Mangled by a steam dragon (9 damage)
             ... on level 6 of the Dungeon.
             The game lasted 00:21:17 (7241 turns).

GordonOverkill the Sneak (Spriggan Delver)          Turns: 7241, Time: 00:21:18

Health: -8/40      AC:  3    Str: 10    XL:     8   Next: 9%
Magic:  9/9        EV: 17    Int: 12    God:
Gold:   248        SH:  0    Dex: 16    Spells: 7/7 levels left

rFire   . .          .
                       - Unarmed
rCold   . . .        (no shield)
rNeg    . . .        a - +0 robe
rPois   .            (helmet restricted)
rElec   .            t - +0 cloak
rCorr   .            (gloves unavailable)
SInv    +            (boots unavailable)
Will    +....        (no amulet)
Stlth   ++++         p - ring of flight
HPRegen 0.26/turn    (no ring)
MPRegen 0.11/turn

%: no passive effects
@: flying, very quick
A: very small, no large weapons, unfitting armour, see invisible, speed 3
a: no special abilities


You were on level 6 of the Dungeon.
You visited 1 branch of the dungeon, and saw 6 of its levels.

You collected 248 gold pieces.

Inventory:

Hand Weapons
 b - a +0 orcbow
Missiles
 j - 39 stones (quivered)
Armour
 a - a +0 robe (worn)
 t - a +0 cloak (worn)
Jewellery
 p - a ring of flight (left hand)
Wands
 f - a wand of digging (2)
Scrolls
 c - 2 scrolls of fog
 d - 2 scrolls of fear
 h - 3 scrolls of silence {unknown}
 i - 2 scrolls of immolation {unknown}
 l - a scroll of butterflies {unknown}
 n - 2 scrolls of revelation
 q - 3 scrolls of teleportation {unknown}
 s - 3 scrolls of identify {unknown}
 u - a scroll of vulnerability {unknown}
 w - a scroll of torment {unknown}
Potions
 e - 2 potions of haste
 g - 2 potions of mutation {unknown}
 k - a potion of might {unknown}
 m - a potion of brilliance {unknown}
 o - 3 potions of curing {unknown}
 r - 2 potions of attraction {unknown}
 v - a potion of lignification {unknown}


   Skills:
 - Level 3.0 Fighting
 - Level 2.0 Ranged Weapons
 - Level 2.6 Dodging
 - Level 7.2 Stealth
 - Level 7.0 Unarmed Combat
 + Level 4.8 Evocations


You had 7 spell levels left.
You didn't know any spells.
Your spell library contained the following spells:

 Spells                   Type           Power      Damage    Failure   Level
 Sandblast                Erth           0%         2d4       32%         1
 Cigotuvi's Dreadful Rot  Necr/Pois/Air  0%         N/A       45%         2
 Passwall                 Tmut/Erth      0%         N/A       45%         2
 Ignite Poison            Fire/Tmut/Pois 0%         N/A       69%         3
 Stone Arrow              Conj/Erth      0%         3d7       69%         3
 Brom's Barrelling Bould  Conj/Erth      0%         2d3       97%         4
 Freezing Cloud           Conj/Ice/Air   0%         6-21      100%        5


Dungeon Overview and Level Annotations

Branches:
Dungeon (6/15)
 Temple: D:4-7

Altars:

Shops:
D:1 [   D:3 [

Annotations:
D:4 Eustachio
D:5 Prince Ribbit
D:6 exclusion: wight


Innate Abilities, Weirdness & Mutations

You are very small and have problems with some larger weapons.
You are too small for most types of armour.
You have supernaturally acute eyesight. (SInv)
You cover ground extremely quickly. (Speed+++)


Message History

The arrow closely misses the steam dragon.
You shoot an arrow. The arrow hits the steam dragon.
The steam dragon is almost dead.
You shoot an arrow.
The arrow closely misses the steam dragon.
The steam dragon breathes steam at you. The ball of steam misses you.
No target in view!
Fire: b) +0 orcbow
Press: ? - help, Q - select action, (/) - cycle Shift-Dir - straight line, f - you Really target yourself?
Okay, then.
You are now empty-handed.
You are engulfed in a cloud of scalding steam.
You are engulfed in a cloud of scalding steam.
You hit the steam dragon but do no damage.
The steam dragon is almost dead.
The steam dragon bites you.
* * * LOW HITPOINT WARNING * * *
The steam dragon claws you.
* * * LOW HITPOINT WARNING * * *
You barely miss the steam dragon.
The steam dragon is almost dead.
The steam dragon completely misses you. The steam dragon claws you.
* * * LOW HITPOINT WARNING * * *
You hit the steam dragon but do no damage.
The steam dragon is almost dead.
The steam dragon breathes steam at you. The ball of steam hits you!
* * * LOW HITPOINT WARNING * * *
You closely miss the steam dragon.
The steam dragon is almost dead.
You are engulfed in a cloud of scalding steam.
* * * LOW HITPOINT WARNING * * *
You hit the steam dragon but do no damage.
The steam dragon is almost dead.
You are engulfed in a cloud of scalding steam.
* * * LOW HITPOINT WARNING * * *
The steam dragon bites you!
You die...

#.....#.##.#
#.######.#
#.....#.##.# #.#
#.# #.....#.##.#
#.# #.#
#..........# #.#
#.# ####.......#
#.# #.#
#####.......## #§#
#.#
#...D.#####..###.#
#.# #.#####
#....#§# #.# .
#§D#.#@# #.#
#.D..#D# #.#
##.###.# #.# #.#
#.# #.# #.###.#
#.# #.....# #.#
####### #.#
##########.###
#............#


You could see a steam dragon.

Vanquished Creatures
  2 water moccasins (D:4)
  An ice beast (D:6)
  An ogre (D:5)
  A black bear (D:5)
  A phantom (D:4)
  2 scorpions
  A hound (D:5)
  2 orc priests
  2 iguanas (D:4)
  3 orc wizards
  10 adders
  A shadow imp (D:4)
  3 worms
  3 dart slugs
  13 orcs
  7 ball pythons
  3 endoplasms (D:1)
  4 giant cockroaches
  5 goblins
  7 hobgoblins
  9 jackals
  7 kobolds
  6 quokkas
  8 bats
  4 frilled lizards
  4 rats
110 creatures vanquished.

Notes
Turn   | Place    | Note
-------+----------+-------------------------------------------
     0 | D:5      | GordonOverkill the Spriggan Delver began the quest for the
                  | Orb.
     0 | D:5      | Reached XP level 1. HP: 11/11 MP: 2/2
    57 | D:6      | Noticed a wight
    71 | D:6      | Noticed an orc wizard
   134 | D:5      | Noticed an orc priest
   263 | D:5      | Noticed Eustachio
   280 | D:5      | Noticed an orc priest
   280 | D:5      | Noticed an orc wizard
   280 | D:5      | Noticed an orc wizard
   302 | D:5      | Noticed a hound
   323 | D:5      | Noticed a phantom
   344 | D:4      | Noticed a scorpion
   398 | D:4      | Noticed an iguana
   696 | D:4      | Reached XP level 2. HP: 16/16 MP: 3/3
   814 | D:4      | Reached XP level 3. HP: 20/20 MP: 4/4
   884 | D:4      | Reached skill level 1 in Ranged Weapons
   884 | D:4      | Reached XP level 4. HP: 12/24 MP: 5/5
  1513 | D:3      | Found Kuith's Antique Armour Boutique.
  1813 | D:3      | Reached XP level 5. HP: 25/28 MP: 6/6
  2822 | D:2      | Found a faded altar of an unknown god.
  3138 | D:1      | Found Yhalugu's Armour Shop.
  4070 | D:4      | Reached XP level 6. HP: 12/32 MP: 7/7
  4305 | D:4      | Reached skill level 5 in Unarmed Combat
  4524 | D:5      | Noticed a water moccasin
  4668 | D:4      | Killed a water moccasin
  4669 | D:4      | Reached XP level 7. HP: 36/36 MP: 8/8
  5021 | D:5      | Noticed Prince Ribbit
  6339 | D:6      | Reached XP level 8. HP: 40/40 MP: 9/9
  7241 | D:6      | HP: 1/40 [steam dragon] (6)]
  7241 | D:6      | Mangled by a steam dragon

Illustrated notes

Levels and vault maps discovered:
D:1:      eino_arrival_water_cross, layout_basic, serial_shops, shop
D:2:      minmay_evil_eye, layout_basic, chequers_ecumenical_altar_island
D:3:      layout_basic, serial_shops, shop
D:4:      layout_cave_pools, chequers_serial_rivers_small_a,
          kennysheep_decorative_pillar
D:5:      layout_basic, uniq_prince_ribbit1, uniq_eustachio
D:6:      layout_basic, minmay_temple_entry_poolview, nicolae_fountain_basement

Skill      XL: |  1  2  3  4  5  6  7  8 |
---------------+-------------------------+-----
Fighting       | 3 |  3.0
Unarmed Combat | 2 3 4 6 7 |  7.0
Ranged Weapons | 1 2 |  2.0
Evocations     | 3 4 |  4.8
Dodging        | |  2.6
Stealth        | |  7.2

Action                     |  1- 3 |  4- 6 |  7- 9 || total
---------------------------+-------+-------+-------++-------
  Melee: Unarmed           |    18 |    12 |    14 ||    44
   Fire: Orcbow            |    31 |   283 |   160 ||   474
  Evoke: Wand              |       |     1 |       ||     1
   Stab: Sleeping          |     1 |       |       ||     1
 Armour: Robe              |    12 |    61 |    51 ||   124
  Dodge: Dodged            |    12 |   113 |    79 ||   204

Table legend: (Time is in decaauts)
 A = Elapsed time spent in this place.
 B = Non-inter-level travel time spent in this place.
 C = Inter-level travel time spent in this place.
 D = Time resting spent in this place.
 E = Time spent auto-exploring this place.
 F = Levels seen in this place.
 G = Mean time per level.
                   A        B        C        D        E       F      G
               +--------+--------+--------+--------+--------+-----+--------+
         Total |   5558 |   5271 |    287 |   1761 |   1395 |   6 |  926.3 |
       Dungeon |   5558 |   5271 |    287 |   1761 |   1395 |   6 |  926.3 |
               +--------+--------+--------+--------+--------+-----+--------+

Top non-repeatable levels by time:
     D:4: 1702 daAuts
     D:5: 1190 daAuts
     D:2: 853 daAuts
     D:3: 722 daAuts
     D:1: 589 daAuts
     D:6: 500 daAuts
